 Dungeon Crawl Stone Soup version 0.22-a0-596-gfbd32a6 (webtiles) character file.

9 iamserjio the Skirmisher (level 2, -5/36 HPs)
             Began as a Demonspawn Berserker on July 5, 2018.
             Was a Follower of Trog.
             Slain by an orc
             ... wielding a +0 mace
              (6 damage)
             ... on level 3 of the Dungeon.
             The game lasted 00:01:29 (241 turns).

iamserjio the Skirmisher (Demonspawn Berserker)      Turns: 241, Time: 00:01:30

Health: -5/36      AC:  2    Str: 22    XL:     2   Next: 3%
Magic:  2/2        EV: 14    Int:  8    God:    Trog [*.....]
Gold:   56         SH:  0    Dex: 12    Spells: 1/1 levels left

rFire    . . .     SeeInvis .   a - +0 hand axe
rCold    . . .     Gourm    .   (no shield)
rNeg     . . .     Faith    .   b - +0 animal skin
rPois    .         Spirit   .   (no helmet)
rElec    .         Reflect  .   (no cloak)
rCorr    .         Harm     .   (no gloves)
MR       .....                  (no boots)
Stlth    ..........             i - amulet of inaccuracy (curse)
HPRegen  0.12/turn              (no ring)
MPRegen  0.08/turn              (no ring)

@: berserking, very quick
A: repulsion field 1
a: Berserk, Renounce Religion


You were on level 3 of the Dungeon.
You worshipped Trog.
Trog was aware of your devotion.
You were not hungry.

You visited 1 branch of the dungeon, and saw 3 of its levels.

You collected 56 gold pieces.

Inventory:

Hand Weapons
 a - a +0 hand axe (weapon)
Armour
 b - a +0 animal skin (worn)
Jewellery
 i - a cursed amulet of inaccuracy (around neck)
Scrolls
 f - 3 scrolls of identify {unknown}
 g - a scroll of enchant weapon {unknown}
 h - a scroll of noise {unknown}
 j - a scroll of enchant armour {unknown}
Potions
 d - 3 potions of heal wounds {unknown}
 e - a potion of haste {unknown}
Comestibles
 c - 3 rations
 k - 3 chunks of flesh


   Skills:
 + Level 3.1 Fighting
 * Level 3.0 Axes
 + Level 2.0 Armour
 - Level 1.7 Dodging


You had one spell level left.
You didn't know any spells.
Your spell library was empty.

Dungeon Overview and Level Annotations

Branches:
Dungeon (3/15)

Altars:


Innate Abilities, Weirdness & Mutations

You are surrounded by a mild repulsion field. (EV +2)


Message History

Your demonic ancestry asserts itself...
You begin to radiate repulsive energy.
The orc barely misses you. The orc priest misses you. The hobgoblin hits you.
* * * LOW HITPOINT WARNING * * *
You closely miss the orc priest.
The orc priest is heavily wounded.
You closely miss the orc. You hit the hobgoblin. The orc hits you with a mace.
* * * LOW HITPOINT WARNING * * *
The orc priest barely misses you.
You closely miss the orc priest.
The orc priest is heavily wounded.
You miss the hobgoblin. You closely miss the orc.
The hobgoblin closely misses you.
You miss the orc priest.
The orc priest is heavily wounded.
You barely miss the orc. You miss the hobgoblin.
The orc priest hits you with a club.
* * * LOW HITPOINT WARNING * * *
The hobgoblin barely misses you. The orc hits you with a mace.
You die...

#.#.##### .... #...
........# .... ....
#.#.##..# ..... #..#
#.#.#.##..# ..... #..#
#.#.#.##..#
......#..###.#.#.....###
......#................#
#...o.###.#.#####.###
#..#@####.#.#####.<#
##..go..............#
........)..............
.###..#.####.#.##.###.##
#..#.# #.#.##.# #.#
#..#.# ###.## # #.# #.
#.# #.# #.# .. ... #.#
#.# ## #.#


You could see an orc priest, an orc and a hobgoblin.

Vanquished Creatures
  2 orcs (D:3)
  2 goblins (D:2)
  A ball python zombie (D:2)
  A bat (D:1)
  A leopard gecko zombie (D:2)
7 creatures vanquished.

Notes
Turn   | Place    | Note
-------+----------+-------------------------------------------
     0 | D:1      | iamserjio the Demonspawn Berserker began the quest for the Orb.
     0 | D:1      | Reached XP level 1. HP: 18/18 MP: 1/1
   231 | D:3      | Noticed an orc priest
   237 | D:3      | Gained mutation: You are surrounded by a mild repulsion field. (EV +2) [demonic ancestry]
   237 | D:3      | Reached XP level 2. HP: 11/24 MP: 2/2
   241 | D:3      | HP: 1/36 [orc priest/club (5)]
   241 | D:3      | Slain by an orc

Vault maps used:
D:1:      saegor_arrival_miasma
D:2:      serial_undead, serial_undead_e, serial_undead_d, serial_undead_c,
          serial_undead_a, chequers_ecumenical_altar_island, st_stairs_14,
          uniq_sigmund
D:3:      okawaru_trees_2, lemuel_round_altar, hangedman_decor_push,
          trog_three_pillars_becter, uniq_crazy_yiuf_cottage, uniq_terence

Skill      XL: |  1 |
---------------+----+-----
Axes           | 3 |  3.0
Armour         | 2 |  2.0
Fighting       | |  3.1
Dodging        | |  1.7

Action                   || total
-------------------------++-------
Melee: Hand axe          ||    17
Invok: Berserk           ||     2
Armor: Animal skin       ||     4
Dodge: Dodged            ||    18

Table legend:
 A = Spawn XP
 B = Non-spawn XP
 C = Spawn XP percentage of total XP
 D = Spawn monster count
 E = Non-spawn monster count
 F = Spawn count percentage of total count
 G = Total turns spent on level
                    A         B        C        D         E        F      G
               +---------+---------+-------+---------+---------+-------+---------
         Total |       0 |      13 |   0.0 |       0 |       7 |   0.0 |   241
               +---------+---------+-------+---------+---------+-------+---------
           D:1 |       0 |       1 |   0.0 |       0 |       1 |   0.0 |   154
           D:2 |       0 |       6 |   0.0 |       0 |       4 |   0.0 |    52
           D:3 |       0 |       6 |   0.0 |       0 |       2 |   0.0 |    35
               +---------+---------+-------+---------+---------+-------+---------
